 Dungeon Crawl Stone Soup version 0.24-a0-516-g9de272bb65 (webtiles) character file.

Game seed: 8820013067255066534

254 Peloso the Slasher (level 5, 0/47 HPs)
             Began as a Minotaur Fighter on July 22, 2019.
             Killed by divine providence
             ... invoked by an orc priest
              (13 damage)
             ... on level 4 of the Dungeon.
             The game lasted 00:03:55 (2013 turns).

Peloso the Slasher (Minotaur Fighter)               Turns: 2013, Time: 00:03:56

Health: 0/47       AC:  7    Str: 20    XL:     5   Next: 91%
Magic:  0/4        EV:  8    Int:  5    God:
Gold:   242        SH:  9    Dex: 11    Spells: 4/4 levels left

rFire    + . .     SeeInvis .   a - +0 long sword
rCold    + . .     Gourm    .   c - +0 shield
rNeg     . . .     Faith    .   b - +0 scale mail
rPois    .         Spirit   +   (helmet restricted)
rElec    .         Reflect  .   p - scarf {rC+ rF+}
rCorr    .         Harm     .   (no gloves)
MR       .....                  (no boots)
Stlth    ..........             m - amulet of guardian spirit
HPRegen  0.15/turn              (no ring)
MPRegen  0.09/turn              (no ring)

@: no status effects
A: retaliatory headbutt, horns 2
a: no special abilities


You were on level 4 of the Dungeon.
You were hungry.

You visited 1 branch of the dungeon, and saw 4 of its levels.

You collected 242 gold pieces.

Inventory:

Hand Weapons
 a - a +0 long sword (weapon)
Armour
 b - a +0 scale mail (worn)
 c - a +0 shield (worn)
 p - a scarf of resistance (worn)
Jewellery
 m - an amulet of guardian spirit (around neck)
Wands
 w - a wand of iceblast (7)
Scrolls
 g - a scroll of immolation {unknown}
 h - 3 scrolls of identify {unknown}
 j - 2 scrolls of blinking {unknown}
 k - 2 scrolls of remove curse {unknown}
 l - a scroll of noise {unknown}
 n - 4 scrolls of magic mapping {unknown}
 q - a scroll of teleportation {unknown}
 t - 2 scrolls of fog {unknown}
 u - a scroll of enchant armour {unknown}
 v - a scroll of fear {unknown}
Potions
 d - a potion of might
 e - 3 potions of curing {unknown}
 i - 2 potions of degeneration {unknown}
 o - a potion of haste {unknown}
 r - a potion of magic {unknown}
 s - a potion of brilliance {unknown}
 x - a potion of heal wounds {unknown}
Comestibles
 f - 4 rations


   Skills:
 + Level 4.5 Fighting
 + Level 4.8 Long Blades
 + Level 4.5 Armour
 + Level 2.2 Dodging
 + Level 4.7 Shields


You had 4 spell levels left.
You didn't know any spells.
Your spell library was empty.

Dungeon Overview and Level Annotations

Branches:
Dungeon (4/15)
 Temple: D:4-7

Altars:
Zin

Annotations:
D:3 1 runed translucent door, Veteran's ghost, amateur SpEn


Innate Abilities, Weirdness & Mutations

You reflexively headbutt those who attack you in melee.
You have a pair of horns on your head.


Message History

The orc shouts!
An orc and an orc priest come into view.
The orc shouts!
The orc priest shouts!
The orc priest begins to cast a cantrip, but forgets the words!
An orc and an orc priest come into view.
The orc shouts!
The orc priest shouts!
Found a scroll labeled PELAS QICKUNA.
The orc priest invokes the aid of Beogh against you.
Beogh smites you! You block the orc's attack.
The orc priest mumbles some strange prayers to Beogh against you.
Beogh smites you!
* * * LOW HITPOINT WARNING * * *
You barely miss the orc. The orc closely misses you.
You riposte.
You hit the orc. Your headbutt misses the orc.
The orc is lightly wounded.
You slash the orc!
You kill the orc!
The orc priest invokes the aid of Beogh against you.
Beogh smites you!
You die...

####...##.#.#
...#...##.#.#
##.#...##.#.#######
............(......
##.#...##.#.#######
##.#...##.#.#
...#...##.#.#
...#......#.##########.#
##.#...####.....@.o..o.#
#.##..# #......o.o...#
#.# ..# #............#
#............#
#.......(...?#
#............#
#............#
##..........##


You could see 2 orc priests and 2 orcs.

Vanquished Creatures
  An orc priest (D:4)
  A bullfrog skeleton (D:3)
  Ijyb (D:3)
  5 adders
  4 worms
  2 dart slugs (D:1)
  5 leopard geckos
  12 orcs
  4 ball pythons
  9 bats
  4 giant cockroaches
  9 goblins
  10 hobgoblins
  2 jackals (D:2)
  3 quokkas
  4 frilled lizards
  10 kobolds
  5 rats
91 creatures vanquished.

Notes
Turn   | Place    | Note
-------+----------+-------------------------------------------
     0 | D:1      | Peloso the Minotaur Fighter began the quest for the Orb.
     0 | D:1      | Reached XP level 1. HP: 19/19 MP: 0/0
   180 | D:1      | Reached XP level 2. HP: 26/27 MP: 1/1
   613 | D:2      | Reached XP level 3. HP: 28/33 MP: 2/2
   880 | D:2      | Reached XP level 4. HP: 32/40 MP: 3/3
   886 | D:2      | Reached skill level 1 in Dodging
  1486 | D:3      | Found a runed translucent door.
  1488 | D:3      | Noticed Veteran's ghost (amateur SpEn)
  1511 | D:3      | Reached XP level 5. HP: 26/47 MP: 2/4
  1522 | D:3      | Found a glowing silver altar of Zin.
  1792 | D:3      | Noticed Ijyb
  1800 | D:3      | Killed Ijyb
  2013 | D:4      | Killed from afar by an orc priest

Levels and vault maps discovered:
D:1:      dpeg_arrival_three_smaller_balls, layout_basic
D:2:      layout_basic, minmay_indecisive_spiral
D:3:      layout_rooms, zin_academy, gammafunk_ghost_grave, uniq_ijyb
D:4:      layout_basic, serial_corexii_hall, chequers_hall_statues_corner_a,
          corexii_hall_statues_s

Skill      XL: |  1  2  3  4  5 |
---------------+----------------+-----
Shields        | 4 |  4.7
Fighting       | 4 |  4.5
Armour         | 4 |  4.5
Long Blades    | 3 4 |  4.8
Dodging        | 1 2 |  2.2

Action                   |  1- 3 |  4- 6 || total
-------------------------+-------+-------++-------
Melee: Long sword        |    82 |   115 ||   197
       Headbutt          |     9 |    23 ||    32
  Eat: Chunk             |       |     3 ||     3
Armor: Scale mail        |    52 |    57 ||   109
Dodge: Dodged            |    30 |    48 ||    78
Block: Shield            |    66 |    73 ||   139
       Rpst.: Long sword |     7 |    15 ||    22

Table legend:
 A = Non-vault XP
 B = Vault XP
 C = Vault XP percentage of total XP
 D = Non-vault monster count
 E = Vault monster count
 F = Vault count percentage of total count
                 A         B        C        D         E       F
            +---------+---------+-------+---------+---------+-------
      Total |     321 |      43 |  11.8 |      86 |       5 |   5.5
            +---------+---------+-------+---------+---------+-------
        D:1 |      38 |       0 |   0.0 |      20 |       0 |   0.0
        D:2 |     101 |       7 |   6.5 |      32 |       4 |  11.1
        D:3 |     111 |      36 |  24.5 |      27 |       1 |   3.6
        D:4 |      71 |       0 |   0.0 |       7 |       0 |   0.0
            +---------+---------+-------+---------+---------+-------
